 Dungeon Crawl Stone Soup version 0.25-a0-566-g062765be81 (webtiles) character file.

Game seed: 4373696397717011418, levelgen mode: deterministic

49126 Flugslaktarn the Severer (level 14, -3/130 HPs)
             Began as a Deep Dwarf Fighter on Feb 28, 2020.
             Was a High Priest of Makhleb.
             Slain by an Executioner (14 damage)
             ... summoned by Asterion
             ... on level 1 of the Spider Nest.
             The game lasted 00:09:43 (12179 turns).

Flugslaktarn the Severer (Deep Dwarf Fighter)      Turns: 12179, Time: 00:09:44

Health: -3/130     AC: 23    Str: 25    XL:     14   Next: 14%
Magic:  15/15      EV:  8    Int: 15    God:    Makhleb [*****.]
Gold:   930        SH: 13    Dex: 16    Spells: 13/13 levels left

rFire    . . .     SeeInvis .   a - +0 war axe (freeze)
rCold    + . .     Gourm    .   c - +0 kite shield
rNeg     + . .     Faith    .   G - +1 chain mail "Nygrokod" {Dex+4 Slay+2}
rPois    .         Spirit   .   k - +2 helmet
rElec    +         Reflect  .   l - +0 cloak
rCorr    .         Harm     .   K - +1 pair of gloves
MR       +++..                  (no boots)
Stlth    ..........             n - amulet of the acrobat
HPRegen  0.00/turn              p - +3 ring of protection
MPRegen  0.14/turn              s - ring of the Postmodern Mice {rElec rC+ MR+ Int+6}

@: lethally poisoned (-3 -> -3), very slightly contaminated, non-regenerating
A: damage resistance, heal wounds, negative energy resistance 1, sense
surroundings 2, no regeneration
a: Heal Wounds, Minor Destruction, Lesser Servant of Makhleb, Major Destruction,
Greater Servant of Makhleb, Renounce Religion


You were on level 1 of the Spider Nest.
You worshipped Makhleb.
Makhleb was extremely pleased with you.
You were not hungry.

You visited 4 branches of the dungeon, and saw 21 of its levels.
You also visited: Sewer.

You collected 930 gold pieces.

Inventory:

Hand Weapons
 a - a +0 war axe of freezing (weapon)
 F - a +2 hand axe of freezing
   (You took it off an orc priest on level 9 of the Dungeon)
 J - a +0 broad axe
   (You found it on level 4 of the Lair of Beasts)
Missiles
 C - 6 throwing nets (quivered)
Armour
 c - a +0 kite shield (worn)
 k - a +2 helmet (worn)
   (You found it on level 4 of the Dungeon)
 l - a +0 cloak (worn)
   (You found it on level 4 of the Dungeon)
 m - a +1 chain mail of fire resistance
   (You found it on level 7 of the Dungeon)
 G - the +1 chain mail "Nygrokod" (worn) {Dex+4 Slay+2}
   (You found it on level 10 of the Dungeon)

   It affects your dexterity (+4).
   It affects your accuracy and damage with ranged weapons and melee attacks
   (+2).
   If you remove this armour, your AC will decrease by 13 (23 -> 10).
 K - a +1 pair of gloves (worn)
   (You found it on level 5 of the Lair of Beasts)
Jewellery
 n - an amulet of the acrobat (around neck)
   (You found it on level 4 of the Dungeon)
 p - a +3 ring of protection (left hand)
   (You found it on level 5 of the Lair of Beasts)
 s - the ring of the Postmodern Mice (right hand) {rElec rC+ MR+ Int+6}
   (You found it in a sewer)

   [ring of protection from magic]

   It affects your intelligence (+6).
   It protects you from cold.
   It insulates you from electricity.
   It affects your resistance to hostile enchantments.
 H - a +3 ring of evasion
   (You found it on level 4 of the Dungeon)
Wands
 o - a wand of paralysis (11)
   (You found it on level 1 of the Lair of Beasts)
 v - a wand of digging (6)
   (You found it on level 1 of the Lair of Beasts)
Scrolls
 h - 4 scrolls of remove curse
 i - 3 scrolls of fog
 r - a scroll of identify
 t - 4 scrolls of teleportation
 u - a scroll of fear
 y - 3 scrolls of enchant armour
 z - 2 scrolls of blinking
 I - 4 scrolls of immolation
Potions
 d - 4 potions of might
 f - 3 potions of lignification {unknown}
 g - 3 potions of brilliance
 j - 3 potions of stabbing
 q - a potion of resistance {unknown}
 w - 3 potions of heal wounds
 x - 2 potions of magic
 A - 3 potions of cancellation
 B - 3 potions of flight
 D - 2 potions of mutation {unknown}
 E - 5 potions of curing {unknown}
 L - 2 potions of degeneration
Comestibles
 e - 24 rations


   Skills:
 + Level 9.9 Fighting
 * Level 15.5 Axes
 + Level 11.7 Armour
 + Level 11.6 Shields
 + Level 12.3 Invocations


You had 13 spell levels left.
You didn't know any spells.
Your spell library was empty.

Dungeon Overview and Level Annotations

Branches:
Dungeon (13/15)            Temple (1/1) D:5            Lair (6/6) D:11
 Shoals (0/4) Lair:4       Spider (1/4) Lair:3        Slime (0/5) Lair:6
    Orc (0/2) D:9           Sewer (visited)
 Vaults: D:13-14

Altars:
Ashenzari
Cheibriados
Dithmenos
Fedhas
Gozag
Hepliaklqana
Kikubaaqudgha
Makhleb
Nemelex Xobeh
Okawaru
Ru
Sif Muna
Trog
Uskayaw
Vehumet
Wu Jian
Xom
Yredelemnul
Zin
The Shining One

Annotations:
D:7 exclusion: oklob plant
Spider:1 Asterion, Nikola


Innate Abilities, Weirdness & Mutations

You are resistant to damage.
You can heal yourself by infusing magical energy.
You resist negative energy. (rN+)
You passively map the area around you.
You do not regenerate.


Message History

Press: ? - help, Dir - move target cursor You are very lightly contaminated with residual magic.
As you read the scroll of blinking, it crumbles to dust.
An emperor scorpion comes into view.
A demon appears!
A demon appears!
It doesn't seem very happy.
The Executioner hits you!!
* * * LOW HITPOINT WARNING * * *
You block the Executioner's attack.
The Executioner hits you but does no damage.
You block the Executioner's attack.
The Executioner hits you but does no damage.
The Executioner completely misses you.
The Executioner hits you but does no damage. x2
The Executioner hits you!
* * * LOW HITPOINT WARNING * * *
Your balrug misses the Executioner.
A demon appears!
The Executioner hits you!!
You die...

* ...,,*,.^.# ,, ,
#.....#....##†.#,,,, #
.........##.<# ,, #.
.#..!...††#†....... ,
#..,^.??..............
#...
..#........%...#.,
.....22.H@...........
#..#.^#.1##....#...#..
#..s1^@...#..^#......
#......#..#.#..#...#
#.....####.###..,.. ,
, #...#. * # *, ,
###### *,, , * ** * ,
* *,, * ,


You could see Nikola, Asterion, an emperor scorpion, an Executioner, a blizzard
demon, a friendly balrug and a friendly Executioner.

Vanquished Creatures
  A fire dragon (Lair:6)
  Josephine (Lair:5)
  Harold (D:8)
  2 two-headed ogres
  8 death yaks
  Nergalle (Lair:4)
  Sonja (Lair:6)
  Pikel (D:5)
  A lindwurm (Lair:6)
  An ugly thing (D:11)
  3 wolf spiders (Spider:1)
  A cyclops (D:9)
  Psyche (D:10)
  7 black mambas
  3 gargoyles
  14 spiny frogs
  Maurice (D:11)
  3 molten gargoyles (Lair:6)
  8 komodo dragons
  A jumping spider (Spider:1)
  2 polar bears
  2 hornets (Lair:2)
  A snapping turtle (Lair:4)
  7 dream sheep (Lair:4)
  6 hippogriffs
  11 blink frogs
  A tarantella (Spider:1)
  7 redbacks (Spider:1)
  6 wyverns
  5 wraiths
  2 humans (D:9)
  6 basilisks
  20 yaks
  Menkaure (D:4)
  Edmund (D:4)
  5 hell hounds (Lair:6)
  10 porcupines
  6 water moccasins
  Duvessa (D:7)
  2 orc warriors (D:10)
  4 sky beasts
  A black bear (D:6)
  2 ice beasts (D:7)
  A hornet zombie (D:7)
  2 ogres
  4 phantoms
  12 wolves (Lair:6)
  9 centaurs
  9 crocodiles
  A big kobold (D:9)
  12 bullfrogs
  Dowan (D:7)
  A wyvern zombie (D:13)
  3 scorpions
  15 killer bees
  6 electric eels
  3 howler monkeys
  6 crimson imps
  4 lava snakes (Lair:6)
  A centaur zombie (D:9)
  5 hounds
  4 jellies (Lair:6)
  A quasit (D:5)
  3 bullfrog skeletons
  6 orc priests
  6 orc wizards
  4 worker ants
  A killer bee zombie (D:9)
  6 ogre zombies (D:9)
  9 adders
  A shadow imp (D:11)
  An ooze (D:6)
  3 adder skeletons
  3 adder zombies
  2 dart slugs
  9 leopard geckos
  32 orcs
  A ball python (D:4)
  3 bats
  13 giant cockroaches
  2 goblins
  14 jackals
  8 kobolds
  6 quokkas
  A ball python skeleton (D:4)
  10 frilled lizards
  6 goblin zombies (D:9)
  2 hobgoblin zombies (D:9)
  A jackal skeleton (D:4)
  4 orc skeletons (D:9)
  7 orc zombies (D:9)
  A quokka skeleton (D:5)
  5 rats
  2 fungi
  10 plants
451 creatures vanquished.

Vanquished Creatures (collateral kills)
  4 hydras
  A death yak (Lair:5)
  A lindwurm (Lair:2)
  A komodo dragon (Lair:6)
  3 jumping spiders (Lair:3)
  3 blink frogs (Lair:6)
  2 hippogriffs
  2 wyverns (Lair:6)
  A water moccasin (Lair:3)
  2 crocodiles
  A lava snake (Lair:6)
  3 jellies (Lair:6)
  An ooze (Lair:6)
25 creatures vanquished.

Vanquished Creatures (others)
  5 dream sheep (Lair:5)
  3 orcs (D:5)
  2 fungi (Lair:6)
  3 plants
13 creatures vanquished.

Grand Total: 489 creatures vanquished

Notes
Turn   | Place    | Note
-------+----------+-------------------------------------------
     0 | D:1      | Flugslaktarn the Deep Dwarf Fighter began the quest for the
                  | Orb.
     0 | D:1      | Reached XP level 1. HP: 20/20 MP: 1/1
   239 | D:2      | Reached XP level 2. HP: 24/27 MP: 2/2
   313 | D:2      | Found a hide-covered altar of Uskayaw.
   482 | D:3      | Reached XP level 3. HP: 29/33 MP: 3/3
   495 | D:4      | Reached skill level 3 in Axes
   506 | D:4      | Reached XP level 4. HP: 27/42 MP: 4/4
   554 | D:4      | Noticed Menkaure
   577 | D:4      | Killed Menkaure
   577 | D:4      | Reached skill level 4 in Axes
   577 | D:4      | Reached XP level 5. HP: 30/49 MP: 2/2
   973 | D:4      | Reached XP level 6. HP: 33/57 MP: 3/3
  1198 | D:4      | Reached skill level 5 in Axes
  1296 | D:4      | Noticed Edmund
  1316 | D:4      | Killed Edmund
  1414 | D:5      | Entered Level 5 of the Dungeon
  1461 | D:5      | Reached XP level 7. HP: 53/64 MP: 4/4
  1468 | D:5      | Found a staircase to the Ecumenical Temple.
  1526 | Temple   | Entered the Ecumenical Temple
  1551 | Temple   | Became a worshipper of Makhleb the Destroyer
  1612 | D:5      | Noticed Pikel
  1613 | D:5      | Reached skill level 5 in Armour
  1613 | D:5      | Reached skill level 5 in Shields
  1636 | D:5      | Reached skill level 1 in Invocations
  1646 | D:5      | Killed Pikel
  1646 | D:5      | Reached skill level 6 in Axes
  1646 | D:5      | Reached XP level 8. HP: 60/73 MP: 4/7
  1875 | D:5      | Found a glowing drain.
  1895 | Sewer    | Entered a sewer
  2030 | Sewer    | Reached * piety under Makhleb
  2030 | Sewer    | Reached skill level 7 in Axes
  2131 | Sewer    | Got a bound marble ring
  2143 | D:5      | Identified the ring of the Postmodern Mice {rElec rC+ MR+
                  | Int+6} (You found it in a sewer)
  2633 | D:6      | Reached skill level 5 in Fighting
  3360 | D:7      | Found a blossoming altar of Fedhas.
  3381 | D:7      | Noticed an oklob plant
  3437 | D:7      | Reached skill level 8 in Axes
  3671 | D:7      | Gained mutation: You passively map the area around you.
                  | [Deep Dwarf growth]
  3671 | D:7      | Reached XP level 9. HP: 73/81 MP: 8/8
  3957 | D:7      | Found an opulent altar of Gozag.
  3957 | D:7      | Noticed Duvessa
  3958 | D:7      | Noticed Dowan
  3984 | D:7      | Killed Duvessa
  3985 | D:7      | Killed Dowan
  4200 | D:8      | Reached skill level 5 in Invocations
  4319 | D:8      | Reached ** piety under Makhleb
  4406 | D:8      | Noticed Harold
  4431 | D:8      | Reached skill level 9 in Axes
  4447 | D:8      | Killed Harold
  4844 | D:9      | Found a staircase to the Orcish Mines.
  4859 | D:9      | Reached XP level 10. HP: 91/91 MP: 10/10
  4964 | D:9      | Reached *** piety under Makhleb
  4964 | D:9      | Reached skill level 10 in Axes
  5033 | D:9      | Noticed a cyclops
  5051 | D:9      | Killed a cyclops
  5124 | D:9      | Found an iron altar of Okawaru.
  5394 | D:9      | Found a snail-covered altar of Cheibriados.
  5497 | D:10     | Entered Level 10 of the Dungeon
  5551 | D:10     | Noticed Psyche
  5566 | D:10     | Killed Psyche
  5612 | D:10     | Got a scorched chain mail
  5623 | D:10     | Identified the +1 chain mail "Nygrokod" {Dex+4 Slay+2} (You
                  | found it on level 10 of the Dungeon)
  5676 | D:10     | Found a basalt altar of Yredelemnul.
  5983 | D:10     | You fall into a shaft and drop 3 floors!
  5984 | D:13     | Noticed a gargoyle
  5992 | D:13     | Reached skill level 11 in Axes
  6016 | D:13     | Killed a gargoyle
  6016 | D:13     | Reached **** piety under Makhleb
  6018 | D:13     | Noticed a two-headed ogre
  6021 | D:12     | Noticed a two-headed ogre
  6040 | D:12     | Killed a two-headed ogre
  6040 | D:12     | Reached XP level 11. HP: 71/100 MP: 10/12
  6073 | D:11     | Noticed Maurice
  6099 | D:11     | Killed Maurice
  6168 | D:11     | Noticed a two-headed ogre
  6176 | D:11     | Killed a two-headed ogre
  6248 | D:11     | Noticed a cyan ugly thing
  6260 | D:11     | Killed a cyan ugly thing
  6281 | D:11     | Found a staircase to the Lair.
  6388 | D:11     | Reached skill level 12 in Axes
  6627 | Lair:1   | Entered Level 1 of the Lair of Beasts
  7421 | Lair:2   | Reached ***** piety under Makhleb
  7841 | Lair:2   | Paralysed by a hornet for 1 turns
  7862 | Lair:2   | Reached XP level 12. HP: 77/110 MP: 13/13
  7901 | Lair:2   | Paralysed by a hornet for 3 turns
  7905 | Lair:2   | Noticed a four-headed hydra
  7929 | Lair:2   | Killed an 18-headed hydra
  7975 | Lair:2   | HP: 5/110 [lindwurm/blast of flame (28)]
  8276 | Lair:3   | Reached skill level 13 in Axes
  8301 | Lair:3   | Reached skill level 10 in Armour
  8316 | Lair:3   | Noticed a death yak
  8318 | Lair:3   | Noticed a death yak
  8319 | Lair:3   | Noticed a death yak
  8319 | Lair:3   | Noticed a death yak
  8328 | Lair:3   | Killed a death yak
  8328 | Lair:3   | Reached skill level 10 in Invocations
  8338 | Lair:3   | Killed a death yak
  8338 | Lair:3   | Reached skill level 10 in Shields
  8345 | Lair:3   | Killed a death yak
  8355 | Lair:3   | Killed a death yak
  8512 | Lair:3   | Noticed a four-headed hydra
  8529 | Lair:3   | Killed a six-headed hydra
  8596 | Lair:3   | Found a hole to the Spider Nest.
  9122 | Lair:4   | Noticed Nergalle
  9138 | Lair:4   | Killed Nergalle
  9594 | Lair:4   | Found a staircase to the Shoals.
  9780 | Lair:5   | Reached skill level 14 in Axes
  9781 | Lair:5   | Reached XP level 13. HP: 120/120 MP: 14/14
 10012 | Lair:5   | Noticed Josephine
 10038 | Lair:5   | Killed Josephine
 10631 | Lair:5   | Found a shimmering altar of Xom.
 10859 | Lair:6   | Entered Level 6 of the Lair of Beasts
 10859 | Lair:6   | Noticed Sonja
 10871 | Lair:6   | Killed Sonja
 11189 | Lair:6   | Reached skill level 15 in Axes
 11203 | Lair:6   | Found a staircase to the Slime Pits.
 11353 | Lair:6   | Noticed a fire dragon
 11374 | Lair:6   | Reached ****** piety under Makhleb
 11431 | Lair:6   | Found a large runed translucent door.
 11432 | Lair:6   | Found a large runed translucent door.
 11648 | Lair:6   | Gained mutation: You resist negative energy. (rN+) [Deep
                  | Dwarf growth]
 11648 | Lair:6   | Reached XP level 14. HP: 130/130 MP: 15/15
 12129 | Spider:1 | Entered Level 1 of the Spider Nest
 12129 | Spider:1 | Noticed Nikola
 12165 | Spider:1 | Noticed Asterion
 12169 | Spider:1 | Noticed an Executioner
 12176 | Spider:1 | Noticed an emperor scorpion
 12179 | Spider:1 | Slain by an Executioner

Levels and vault maps discovered:
D:1:      sevenhm_arrival_forest_fort_small_5, layout_basic
D:2:      layout_basic, eat_drink_and_be_merry_uskayaw,
          overflow_temple_1_default, nicolae_overflow_hidden_temple,
          chequers_ecumenical_altar_simple_redux
D:3:      layout_loops_ring, first_ration
D:4:      minmay_diamond_boxcup, layout_loops_cross, uniq_edmund, uniq_menkaure
D:5:      layout_cave_pools, minmay_temple_entry_wispy, portal_sewer_entry_a,
          uniq_pikel
D:6:      layout_basic, serial_corexii_hall, chequers_hall_statues_wall_a,
          corexii_hall_statues_l
D:7:      layout_gridville, tgw_fedhas, basic_altar, uniq_duvessa
D:8:      layout_rooms, grunt_ogre_cave, uniq_harold
D:9:      minmay_bloctagon_deflated, layout_rooms, kennysheep_little_box,
          okawaru_humans, zombieorc1_lemuel
D:10:     layout_basic, basic_altar, uniq_psyche
D:11:     layout_basic, lair_entry_dummy, gauntlet_entry_generic,
          due_unseen_surprise, uniq_maurice, uniq_fannar
D:12:     layout_irregular_city
D:13:     layout_basic, grunt_ministairs_1, lemuel_oklob_altar, uniq_nessos,
          uniq_urug
Temple:   nicolae_temple_x_marks_the_god
Lair:1:   layout_roguey, minivault_23, nicolae_quartered_pool_super,
          lemuel_fruit_tree, serial_bayou_shore_b, grunt_megastairs_5,
          serial_bayou_shore_b
Lair:2:   cheibrodos_lair_overgrown_chateau, layout_regular_city
Lair:3:   layout_loops_ring, spider_nest_entry_a, chequers_serial_rivers_micro_d
Lair:4:   layout_roguey, minmay_shoals_entry_hut, uniq_nergalle
Lair:5:   layout_small_grid, chequers_serial_rivers_small_a,
          kb_xom_exploding_sheep, grunt_megastairs_2, uniq_josephine
Lair:6:   cheibrodos_lair_end_hotspot, layout_regular_city,
          nicolae_slime_entry_slimehenge, serial_forest,
          infiniplex_forest_clump_small, infiniplex_forest_lined_2,
          infiniplex_forest_lined_room_, infiniplex_forest_end_3,
          infiniplex_forest_clump_curved, infiniplex_forest_lined_room_2,
          infiniplex_forest_clump_medium, uniq_sonja
Spider:1: layout_spider_delve, uniq_azrael, uniq_nikola, uniq_asterion

Skill      XL: |  1  2  3  4  5  6  7  8  9 10 11 12 13 |
---------------+----------------------------------------+-----
Fighting       | 3 4 5 6 7 8 9 |  9.9
Axes           | 3 4 5 6 8 9 11 12 14 15 | 15.5
Armour         | 4 5 6 7 8 9 10 11 | 11.7
Shields        | 4 5 6 7 8 9 10 11 | 11.6
Invocations    | 2 4 6 8 9 10 12 | 12.3

Action                   |  1- 3 |  4- 6 |  7- 9 | 10-12 | 13-15 || total
-------------------------+-------+-------+-------+-------+-------++-------
Melee: War axe           |    60 |   134 |   514 |   445 |   461 ||  1614
       Hand axe          |       |       |       |   447 |       ||   447
Invok: Lesser Servant of |       |       |       |     3 |     4 ||     7
       Greater Servant o |       |       |       |       |     3 ||     3
 Abil: Heal Wounds       |       |    11 |    11 |    15 |     8 ||    45
Evoke: Wand              |       |       |       |       |     1 ||     1
  Use: Scroll            |       |       |       |    18 |     3 ||    21
 Stab: Distracted        |       |       |       |       |     5 ||     5
       Paralysed         |       |       |       |       |     1 ||     1
  Eat: Chunk             |       |     2 |    12 |    14 |     7 ||    35
       Ration            |       |       |       |     1 |     1 ||     2
Armor: Scale mail        |    38 |    63 |    89 |       |       ||   190
       Chain mail        |       |       |   120 |   338 |   216 ||   674
Dodge: Dodged            |    20 |    49 |   161 |   318 |   200 ||   748
Block: Kite shield       |    37 |    78 |   249 |   483 |   298 ||  1145

Table legend:
 A = Non-vault XP
 B = Vault XP
 C = Vault XP percentage of total XP
 D = Non-vault monster count
 E = Vault monster count
 F = Vault count percentage of total count
                 A         B        C        D         E       F
            +---------+---------+-------+---------+---------+-------
      Total |   48778 |   21402 |  30.5 |     331 |     133 |  28.7
            +---------+---------+-------+---------+---------+-------
        D:1 |      11 |       0 |   0.0 |       6 |       0 |   0.0
        D:2 |      26 |       0 |   0.0 |      10 |       0 |   0.0
        D:3 |       5 |       0 |   0.0 |       3 |       0 |   0.0
        D:4 |     316 |     336 |  51.5 |      24 |       5 |  17.2
        D:5 |     341 |     659 |  65.9 |      22 |       6 |  21.4
        D:6 |     582 |       0 |   0.0 |      13 |       0 |   0.0
        D:7 |     861 |     227 |  20.9 |      18 |       2 |  10.0
        D:8 |     750 |    1155 |  60.6 |      14 |       2 |  12.5
        D:9 |    1118 |    2004 |  64.2 |      19 |      35 |  64.8
       D:10 |    1116 |     439 |  28.2 |      27 |       1 |   3.6
       D:11 |    4519 |     426 |   8.6 |      29 |       1 |   3.3
       D:12 |    1053 |       0 |   0.0 |       5 |       0 |   0.0
       D:13 |     286 |     553 |  65.9 |       2 |       2 |  50.0
     Lair:1 |    1364 |      88 |   6.1 |       8 |       1 |  11.1
     Lair:2 |    2978 |    3630 |  54.9 |      13 |      14 |  51.9
     Lair:3 |    6379 |     616 |   8.8 |      13 |       3 |  18.8
     Lair:4 |    4542 |    1081 |  19.2 |      21 |       2 |   8.7
     Lair:5 |    8426 |    1682 |  16.6 |      25 |       4 |  13.8
     Lair:6 |   10398 |    8365 |  44.6 |      47 |      36 |  43.4
   Spider:1 |    3707 |       0 |   0.0 |      12 |       0 |   0.0
      Sewer |       0 |     141 | 100.0 |       0 |      19 | 100.0
            +---------+---------+-------+---------+---------+-------
